 Dungeon Crawl Stone Soup version 0.29-a0-322-g68df515428 (webtiles) character file.

Game seed: 939125032543234602

42 zishaf the Stinger (level 3, -2/31 HPs)
             Began as a Naga Venom Mage on Apr 6, 2022.
             Was a Follower of Dithmenos.
             Killed from afar by Sigmund (9 damage)
             ... with a puff of flame
             ... on level 2 of the Dungeon.
             The game lasted 00:04:11 (1886 turns).

zishaf the Stinger (Naga Venom Mage)                Turns: 1886, Time: 00:04:12

Health: -2/31      AC:  4    Str: 10    XL:     3   Next: 54%
Magic:  0/6        EV: 10    Int: 17    God:    Dithmenos [*.....]
Gold:   56         SH:  0    Dex: 11    Spells: 0/6 levels left

rFire   . . .      SeeInvis +   c - +0 short sword
rCold   . . .      Faith    .   (no shield)
rNeg    . . .      Spirit   .   a - +0 robe
rPois   +          Reflect  .   (no helmet)
rElec   .          Harm     .   (no cloak)
rCorr   .          Rampage  .   f - +1 pair of gloves
Will    .....                   (no barding)
Stlth   ++........              (no amulet)
HPRegen 0.10/turn               i - ring of wizardry
MPRegen 0.10/turn               (no ring)

@: wreathed by umbra, very slow
A: AC +1, large, see invisible, deformed body, poison resistance, slowness 2,
spit poison 1, naga tail 1
a: Spit Poison, Renounce Religion


You were on level 2 of the Dungeon.
You worshipped Dithmenos.
Dithmenos was aware of your devotion.
You visited 1 branch of the dungeon, and saw 2 of its levels.

You collected 56 gold pieces.

Inventory:

Hand Weapons
 c - a +0 short sword (weapon)
Armour
 a - a +0 robe (worn)
 f - a +1 pair of gloves (worn)
Jewellery
 e - a ring of fire
 i - a ring of wizardry (left hand)
Scrolls
 d - a scroll of vulnerability
 g - a scroll of brand weapon {unknown}
Potions
 b - a potion of magic
 h - 2 potions of lignification {unknown}
 l - a potion of curing {unknown}


   Skills:
 + Level 1.1 Fighting
 - Level 2.0 Dodging
 - Level 3.0 Stealth
 + Level 2.3 Spellcasting
 + Level 0.3 Conjurations
 - Level 1.0 Transmutations
 + Level 0.9 Air Magic
 + Level 4.4 Poison Magic


You couldn't memorise any spells.
You knew the following spells:

 Your Spells              Type           Power      Damage    Failure   Level
a - Sting                 Tmut/Pois      44%        1d5       2%          1
b - Poisonous Vapours     Pois/Air       22%        N/A       4%          2
c - Mephitic Cloud        Conj/Pois/Air  8%         N/A       11%         3

Your spell library contained the following spells:

 Spells                   Type           Power      Damage    Failure   Level
 Olgreb's Toxic Radiance  Pois           17%        N/A       12%         4


Dungeon Overview and Level Annotations

Branches:
Dungeon (2/15)

Altars:
Dithmenos

Annotations:
D:2 Sigmund


Innate Abilities, Weirdness & Mutations

Your serpentine skin is tough. (AC +1)
You have supernaturally acute eyesight. (SInv)
Armour fits poorly on your strangely shaped body.
Your system is resistant to poisons. (rPois)
You cover ground very slowly.
You can spit poison.
You have a snake-like lower body.


Message History

Aiming: Poisonous Vapours (safe; 4% risk of failure)
Press: ? - help, Dir - move target, f/p - Sigmund
Aim: Sigmund, wielding a +0 scythe and wearing a +0 robe (very poisoned) Poisonous vapours surround Sigmund!
Sigmund looks even sicker.
Sigmund hits you from afar with a +0 scythe.
Casting: Poisonous Vapours (safe; 4% risk of failure)
Confirm with . or Enter, or press ? or * to list all spells.
You don't have enough magic to cast this spell.
Sigmund flickers, as though insubstantial.
Sigmund gestures at you while chanting. You resist with some effort.
Aiming: Spit Poison (2% risk of failure)
Press: ? - help, Shift-Dir - straight line, f/p - Sigmund
Aim: Sigmund, wielding a +0 scythe and wearing a +0 robe (moderately wounded, very poisoned, 54% to hit)
The splash of poison hits Sigmund.
Sigmund is heavily wounded.
Sigmund misses you.
You have got your breath back.
Sigmund gestures wildly while chanting.
Sigmund flickers and vanishes for a moment.
Sigmund gestures at you while chanting. The magic dart hits you.
Sigmund points at you and mumbles some strange words.
The puff of flame hits you!
Casting: Poisonous Vapours (safe; 4% risk of failure)
Confirm with . or Enter, or press ? or * to list all spells.
Aiming: Poisonous Vapours (safe; 4% risk of failure)
Press: ? - help, Dir - move target, f/p - Sigmund
Aim: Sigmund, wielding a +0 scythe and wearing a +0 robe (severely wounded, slightly transparent, poisoned) Poisonous vapours surround Sigmund!
Sigmund looks even sicker.
Sigmund points at you and mumbles some strange words.
The puff of flame hits you!
* * * LOW HITPOINT WARNING * * *
Sigmund gestures at you while chanting. The puff of flame misses you.
Sigmund points at you and mumbles some strange words.
You resist with some effort. Sigmund casts a spell at you.
The puff of flame hits you!
You die...

#..........##...####<.#####
#.#######..................
#.###...........##.......#
##.....###..#.#.###.#..##.#
##...#...............#..##.#
#####....................#.^##.#
#...........###......##.##..##.##
#.###.........#..###.##..........
#.# ##<.....#...@# #.#####..##.##
#.# #....<.###..###.............
#.# #.......................#.#.
#.# #.##..####.##.#.............
#.# #.# ..# #...@#####.#..#.##.
#.# #.# ... ####.#####.#..#.##.
#.# #.# #.# #.......#..#.##. #.#
.#. .# #.#...###..#.##. #.#
#......##..#.##†


You could see Sigmund (invisible, poisoned).

Vanquished Creatures
  3 dart slugs (D:1)
  8 ball pythons
  2 bats (D:1)
  2 endoplasms (D:1)
  A giant cockroach (D:1)
  3 goblins (D:1)
  A hobgoblin (D:1)
  6 kobolds (D:1)
  3 quokkas (D:1)
  4 frilled lizards
  A rat (D:1)
34 creatures vanquished.

Notes
Turn   | Place    | Note
-------+----------+-------------------------------------------
     0 | D:1      | zishaf the Naga Venom Mage began the quest for the Orb.
     0 | D:1      | Reached XP level 1. HP: 15/15 MP: 3/3
   149 | D:1      | Reached XP level 2. HP: 18/24 MP: 5/5
   224 | D:1      | Learned a level 2 spell: Poisonous Vapours
   248 | D:1      | Found a faded altar of an unknown god.
  1014 | D:1      | Prayed at the altar of an unknown god.
  1014 | D:1      | Became a worshipper of Dithmenos the Shadowed
  1014 | D:1      | Reached * piety under Dithmenos
  1056 | D:1      | Reached skill level 1 in Fighting
  1056 | D:1      | Reached XP level 3. HP: 30/31 MP: 6/6
  1270 | D:1      | Learned a level 3 spell: Mephitic Cloud
  1824 | D:2      | Noticed Sigmund
  1886 | D:2      | Killed from afar by Sigmund

Illustrated notes

Levels and vault maps discovered:
D:1:      grunt_arrival_lava_bath, layout_rooms,
          ebering_ecumenical_altar_abandoned, minmay_parallelograms,
          st_stairs_14, minmay_pentomino_o2
D:2:      layout_loops_ring, minmay_puff, uniq_sigmund

Skill      XL: |  1  2  3 |
---------------+----------+-----
Fighting       | 1 |  1.1
Dodging        | 2 |  2.0
Stealth        | |  3.0
Spellcasting   | |  2.3
Conjurations   | |  0.3
Transmutations | |  1.0
Air Magic      | |  0.9
Poison Magic   | |  4.4

Action                   || total
-------------------------++-------
Melee: Short sword       ||    39
       Unarmed           ||     1
 Cast: Sting             ||    13
       Poisonous Vapours ||    17
 Abil: Spit Poison       ||    14
  Use: Scroll            ||     5
 Stab: Sleeping          ||     1
Armor: Robe              ||    15
Dodge: Dodged            ||    49

Table legend: (Time is in decaauts)
 A = Elapsed time spent in this place.
 B = Non-inter-level travel time spent in this place.
 C = Inter-level travel time spent in this place.
 D = Time resting spent in this place.
 E = Time spent auto-exploring this place.
 F = Levels seen in this place.
 G = Mean time per level.
                   A        B        C        D        E       F      G
               +--------+--------+--------+--------+--------+-----+--------+
         Total |   2200 |   2175 |     25 |    512 |   1263 |   2 | 1100.0 |
       Dungeon |   2200 |   2175 |     25 |    512 |   1263 |   2 | 1100.0 |
               +--------+--------+--------+--------+--------+-----+--------+

Top non-repeatable levels by time:
     D:1: 1772 daAuts
     D:2: 428 daAuts
